 Dungeon Crawl Stone Soup version 0.27.0-1-g7a08968 (webtiles) character file.

Game seed: 12171778024521626117

34 Host24 the Bolt Thrower (level 3, -1/21 HPs)
             Began as a Kobold Hunter on Jan 25, 2022.
             Slain by Terence (8 damage)
             ... on level 2 of the Dungeon.
             The game lasted 00:02:04 (1074 turns).

Host24 the Bolt Thrower (Kobold Hunter)             Turns: 1074, Time: 00:02:04

Health: -1/21      AC:  3    Str: 10    XL:     3   Next: 50%
Magic:  3/3        EV: 14    Int: 12    God:
Gold:   59         SH:  0    Dex: 15    Spells: 2/2 levels left

rFire    . . .     SeeInvis .   a - +1 hand crossbow
rCold    . . .     Faith    .   (shield restricted)
rNeg     . . .     Spirit   .   c - +0 leather armour
rPois    .         Reflect  .   (no helmet)
rElec    .         Harm     .   (no cloak)
rCorr    .         Rampage  .   (no gloves)
Will     +....                  (no boots)
Stlth    +++.......             (no amulet)
HPRegen  0.07/turn              h - ring of willpower
MPRegen  0.08/turn              (no ring)

@: no status effects
A: small, no large weapons, nightstalker 3
a: no special abilities


You were on level 2 of the Dungeon.
You visited 1 branch of the dungeon, and saw 2 of its levels.

You collected 59 gold pieces.

Inventory:

Hand Weapons
 a - a +1 hand crossbow (weapon)
 b - a +0 short sword
Missiles
 d - 9 bolts (quivered ammo)
 i - 2 stones
Armour
 c - a +0 leather armour (worn)
Jewellery
 h - a ring of willpower (left hand)
Scrolls
 e - a scroll of enchant armour {unknown}
 f - a scroll of teleportation {unknown}
 g - a scroll of magic mapping {unknown}


   Skills:
 - Level 2.1 Fighting
 - Level 5.4 Crossbows
 - Level 3.0 Dodging
 + Level 2.7 Stealth


You had 2 spell levels left.
You didn't know any spells.
Your spell library was empty.

Dungeon Overview and Level Annotations

Branches:
Dungeon (2/15)

Altars:

Annotations:
D:2 Terence


Innate Abilities, Weirdness & Mutations

You are small and have problems with some larger weapons.
You are completely attuned to the shadows.


Message History

Terence is severely wounded.
Fire: 15 bolts
Press: ? - help, Q - select action, (/) - cycle Shift-Dir - straight line, f/p - Terence
Aim: Terence, wielding a +0 morningstar, wearing a +0 scale mail and carrying a wand of polymorph (6) (severely wounded, 69% to hit)
You shoot a bolt.
The bolt hits Terence but does no damage.
Terence is severely wounded.
Fire: 14 bolts
Press: ? - help, Q - select action, (/) - cycle Shift-Dir - straight line, f/p - Terence
Aim: Terence, wielding a +0 morningstar, wearing a +0 scale mail and carrying a wand of polymorph (6) (severely wounded, 69% to hit)
You shoot a bolt.
The bolt hits Terence but does no damage.
Terence is severely wounded.
Terence zaps a wand.
You resist with almost no effort. Terence closely misses you.
Fire: 13 bolts
Press: ? - help, Q - select action, (/) - cycle Shift-Dir - straight line, f/p - Terence
Aim: Terence, wielding a +0 morningstar, wearing a +0 scale mail and carrying a wand of polymorph (5) (severely wounded, 69% to hit)
You shoot a bolt. The bolt completely misses Terence.
Terence hits you with a +0 morningstar!
Ouch! That really hurt!
Fire: 12 bolts
Press: ? - help, Q - select action, (/) - cycle Shift-Dir - straight line, f/p - Terence
Aim: Terence, wielding a +0 morningstar, wearing a +0 scale mail and carrying a wand of polymorph (5) (severely wounded, 69% to hit)
You shoot a bolt. The bolt barely misses Terence.
Terence zaps a wand.
You resist with almost no effort.
Fire: 11 bolts
Press: ? - help, Q - select action, (/) - cycle Shift-Dir - straight line, f/p - Terence
Aim: Terence, wielding a +0 morningstar, wearing a +0 scale mail and carrying a wand of polymorph (4) (severely wounded, 69% to hit)
You shoot a bolt. The bolt barely misses Terence.
Terence hits you but does no damage.
Fire: 10 bolts
Press: ? - help, Q - select action, (/) - cycle Shift-Dir - straight line, f/p - Terence
Aim: Terence, wielding a +0 morningstar, wearing a +0 scale mail and carrying a wand of polymorph (4) (severely wounded, 69% to hit)
You shoot a bolt.
The bolt hits Terence but does no damage.
Terence is severely wounded.
Terence says, "Rest in peace."
Terence hits you with a +0 morningstar!
You die...

#.###...#
#(......##.
##((........
....(.......
#()@@..#
##......#######
.............).#
...............#
......##..<....#
.......+.....^.#
.....##..)....#
#...<...#
#########


You could see Terence.

Vanquished Creatures
  A gnoll (D:1)
  A dart slug (D:1)
  3 ball pythons (D:1)
  An endoplasm (D:1)
  A giant cockroach (D:1)
  5 goblins
  2 hobgoblins (D:1)
  2 kobolds
  A bat (D:1)
  A frilled lizard (D:1)
  A rat (D:1)
19 creatures vanquished.

Notes
Turn   | Place    | Note
-------+----------+-------------------------------------------
     0 | D:1      | Host24 the Kobold Hunter began the quest for the Orb.
     0 | D:1      | Reached XP level 1. HP: 12/12 MP: 1/1
   121 | D:1      | Reached skill level 5 in Crossbows
   121 | D:1      | Reached XP level 2. HP: 6/17 MP: 2/2
   624 | D:1      | Reached XP level 3. HP: 19/21 MP: 3/3
  1053 | D:2      | Noticed Terence
  1074 | D:2      | Slain by Terence

Illustrated notes

Levels and vault maps discovered:
D:1:      wander_arrival_chamber, layout_basic
D:2:      layout_basic, uniq_terence

Skill      XL: |  1  2  3 |
---------------+----------+-----
Crossbows      | 5 |  5.4
Dodging        | 3 |  3.0
Stealth        | 2 |  2.7
Fighting       | |  2.1

Action                   || total
-------------------------++-------
Melee: Short sword       ||    35
 Fire: Hand crossbow     ||    16
 Stab: Sleeping          ||     9
Armor: Leather armour    ||     7
Dodge: Dodged            ||    17
